 Dungeon Sprint DCSS version 0.27-a0-797-g27d10ad80f (webtiles) character file.

Game seed: 8862217408246402319

615608 mhtbhm the Skullcrusher (level 22, -13/412 HPs)
             Began as a Troll Berserker on Mar 27, 2021.
             Was the Champion of Trog.
             Succumbed to Gloorx Vloq's dark miasma
             ... in the Dungeon (Sprint IX: "|||||||||||||||||||||||||||||").
             The game lasted 00:25:08 (8512 turns).

mhtbhm the Skullcrusher (Troll Berserker)           Turns: 8512, Time: 00:25:09

Health: -13/412    AC: 44    Str: 42    XL:     22   Next: 8%
Magic:  21/21      EV: 13    Int:  3    God:    Trog [******]
Gold:   352        SH: 38    Dex:  9    Spells: 21/21 levels left

rFire    + . .     SeeInvis +   v - +7 sacred scourge (holy)
rCold    + . .     Faith    .   N - +8 tower shield
rNeg     . . .     Spirit   .   b - +12 gold dragon scales
rPois    +         Reflect  .   t - +2 hat
rElec    +         Harm     .   k - +0 cloak "Kecu" {*Drain rElec rC- Will+++ rCorr}
rCorr    +         Rampage  .   (gloves unavailable)
Will     +++++     NoTele   +   (boots unavailable)
Stlth    ..........             I - amulet of Xadon {Will++ Regen+}
HPRegen  3.78/turn              H - ring "Moolotro" {Will+ Str+4}
MPRegen  0.17/turn              J - ring of Happiness {rPois rC+ SInv Stlth-}

@: berserking, lethally poisoned (-13 -> -21), regenerating, slowed
A: large, unfitting armour, claws 3, regeneration 1, shaggy fur 1, tough skin 1
}: 11/17 runes: decaying, serpentine, barnacled, slimy, elven, silver, golden,
abyssal, magical, fiery, gossamer
a: Renounce Religion, Berserk, Trog's Hand, Brothers in Arms


You were in the Dungeon.
You worshipped Trog.
Trog was exalted by your worship.
You visited 1 branch You collected 1952 gold pieces.
You spent 1600 gold pieces at shops.

Inventory:

Hand Weapons
 a - the +9 giant spiked club of the Inferno {flame, *Drain rF++ rC+ Int+3}
   (Trog gifted it to you in the Dungeon)

   It has been specially enchanted to burn those struck by it, causing extra
   injury to most foes and up to half again as much damage against particularly
   susceptible opponents.
   It affects your intelligence (+3).
   It greatly protects you from fire.
   It protects you from cold.
   It causes draining when unequipped.
 o - the +9 morningstar of Free Expression {flame, rN++ Will+ Dex-5 Stlth+}
   (Trog gifted it to you in the Dungeon)

   It has been specially enchanted to burn those struck by it, causing extra
   injury to most foes and up to half again as much damage against particularly
   susceptible opponents.
   It affects your dexterity (-5).
   It greatly protects you from negative energy.
   It affects your willpower, your defense against some magical effects.
   It makes you more stealthy.
 v - a +7 sacred scourge of holy wrath (weapon)
 M - a +5 demon whip of electrocution
Missiles
 s - 48 silver javelins (quivered)
 u - 35 large rocks
Armour
 b - +12 gold dragon scales (worn)
 k - the +0 cloak "Kecu" (worn) {*Drain rElec rC- Will+++ rCorr}
   (You found it in the Dungeon)

   It makes you vulnerable to cold.
   It insulates you from electricity.
   It affects your willpower, your defense against some magical effects.
   It provides partial protection from all sources of acid and corrosion.
   It causes draining when unequipped.
 t - a +2 hat (worn)
 N - a +8 tower shield (worn)
Jewellery
 H - the ring "Moolotro" (left claw) {Will+ Str+4}
   (You found it in the Dungeon)

   [ring of willpower]

   It affects your strength (+4).
   It affects your willpower, your defense against some magical effects.
 I - the amulet of Xadon (around neck) {Will++ Regen+}
   (You found it in the Dungeon)

   [amulet of regeneration]

   It affects your willpower, your defense against some magical effects.
   It increases your rate of regeneration.
 J - the ring of Happiness (right claw) {rPois rC+ SInv Stlth-}
   (You found it in the Dungeon)

   [ring of poison resistance]

   It protects you from cold.
   It protects you from poison.
   It lets you see invisible.
   It makes you less stealthy.
Wands
 j - a wand of acid (5)
 E - a wand of polymorph (6)
Scrolls
 h - a scroll of blinking
 n - 5 scrolls of identify
 q - 3 scrolls of fog
 r - 4 scrolls of fear
Potions
 c - a potion of invisibility
 e - 6 potions of haste
 f - 9 potions of magic
 g - 2 potions of berserk rage
 i - 4 potions of curing
 l - a potion of resistance
 m - 2 potions of mutation
 w - a potion of lignification {unknown}
 A - 2 potions of might
Miscellaneous
 p - the horn of Geryon


   Skills:
 O Level 27 Fighting
 - Level 0.7(1.0) Short Blades
 - Level 0.6(0.9) Long Blades
 - Level 0.5(17.4) Axes
 O Level 27 Maces & Flails
 - Level 0.5(1.0) Polearms
 - Level 0.5(17.4) Staves
 - Level 0.4(13.2) Slings
 - Level 0.4 Bows
 - Level 0.4 Crossbows
 + Level 24.0 Throwing
 O Level 27 Armour
 * Level 24.3 Dodging
 * Level 14.1 Stealth
 O Level 27 Shields
 - Level 1.0 Unarmed Combat
 - Level 0.4 Spellcasting
 - Level 0.6 Conjurations
 + Level 0.5 Hexes
 - Level 0.6 Summonings
 - Level 0.7 Necromancy
 - Level 0.6 Translocations
 - Level 0.6 Transmutations
 - Level 0.6 Fire Magic
 - Level 0.7 Ice Magic
 - Level 0.6 Air Magic
 - Level 1.0 Earth Magic
 - Level 0.6 Poison Magic
 - Level 0.9 Invocations
 * Level 23.3 Evocations


You had 21 spell levels left.
You didn't know any spells.
Your spell library was empty.

Dungeon Overview and Level Annotations

Branches:
Dungeon (1/1)

Altars:
Cheibriados
Dithmenos
Elyvilon
Fedhas
Gozag
Hepliaklqana
Kikubaaqudgha
Makhleb
Nemelex Xobeh
Okawaru
Qazlal
Ru
Sif Muna
Trog
Uskayaw
Vehumet
Wu Jian
Xom
Yredelemnul
Zin
The Shining One
Beogh
Jiyva
Lugonu

Shops:
D [([*

Annotations:
D Antaeus, Gloorx Vloq


Innate Abilities, Weirdness & Mutations

You are too large for most types of armour.
You have claws for hands.
Your natural rate of healing is unusually fast.
You are covered in fur. (AC +1)
You have tough skin. (AC +1)


Message History

* * * LOW HITPOINT WARNING * * *
The Executioner misses you.
The Executioner hits you but does no damage. x2
You barely miss the Executioner. You block the Executioner's attack. x2
The Executioner hits you but does no damage.
Gloorx Vloq calls on the powers of darkness!
Your body is wracked with pain!
* * * LOW HITPOINT WARNING * * *
Your gold dragon scales prevents you from hitting the Executioner.
You block the Executioner's attack.
The Executioner hits you but does no damage.
You block the Executioner's attack. x2
The Executioner hits you but does no damage. x2
You thrash the Executioner!!
The Executioner convulses.
The Executioner is heavily wounded.
You block the Executioner's attack. x3
Gloorx Vloq gestures at you.
The foul vapour engulfs the Executioner.
The Executioner completely resists.
You punish the Executioner, causing immense pain!!!
You kill the Executioner!
You are engulfed in dark miasma.
You feel as though you will be slow longer.
* * * LOW HITPOINT WARNING * * *
Gloorx Vloq moans, "Face thy requiem, thou puking tickle-brained boar-pig!"
Gloorx Vloq gestures.
You miss the Executioner.
You are engulfed in dark miasma.
You feel as though you will be slow longer.
* * * LOW HITPOINT WARNING * * *
You block the Executioner's attack.
The Executioner hits you but does no damage.
You block the Executioner's attack.
Gloorx Vloq calls on the powers of darkness!
Your body is wracked with pain!
* * * LOW HITPOINT WARNING * * *
You miss the Executioner.
You are engulfed in dark miasma.
You are poisoned.
You feel as though you will be slow longer.
* * * LOW HITPOINT WARNING * * *
You die...

▓▓▓▓▓▓▓▓▓▓▓▓▓▓▓▓▓▓▓▓
...'.'......φ○○○C°&.
▓▓▓▓▓▓▓▓▓▓▓▓▓▓▓▓▓▓▓▓▓▓▓▓▓▓▓▓▓
&...1....(°°11&1@°°°........▓
▓▓▓▓▓▓▓▓▓▓▓▓▓▓▓▓▓▓▓▓▓▓▓▓▓▓▓.▓
.)......)')†.........'......▓
▓▓▓▓▓▓▓▓▓▓▓▓▓▓▓▓▓▓▓▓▓▓▓▓▓▓▓▓▓
............................▓
▓▓▓▓▓▓▓▓▓▓▓▓▓▓▓▓▓▓▓▓▓▓▓▓▓▓▓.▓
..'.....)......)......'.....▓
▓▓▓▓▓▓▓▓▓▓▓▓▓▓▓▓▓▓▓▓▓▓▓▓▓▓▓▓▓
............................▓


You could see Gloorx Vloq and 3 Executioners.

Vanquished Creatures
  the Royal Jelly (D)
  Ereshkigal (D)
  Lom Lobon (D)
  Mnoleg (D)
  3 ancient liches (D)
  2 orbs of fire (D)
  Mara (D)
  Mennas (D)
  4 royal mummies (D)
  Boris (D)
  Sojobo (D)
  Frederick (D)
  Xtahua (D)
  Geryon (D)
  Saint Roka (D)
  7 golden dragons (D)
  4 electric golems (D)
  2 tentacled monstrosities (D)
  28 Orb Guardians (D)
  5 deep elf blademasters (D)
  4 liches (D)
  A deep elf master archer (D)
  3 death cobs (D)
  A quicksilver dragon (D)
  12 sphinxes (D)
  Gastronok (D)
  9 acid blobs (D)
  Kirke (D)
  4 draconian monks (D)
  8 shadow dragons (D)
  5 tengu reavers (D)
  3 storm dragons (D)
  6 azure jellies (D)
  2 frost giants (D)
  Ilsuiw (D)
  7 rockslimes (D)
  3 nagarajas (D)
  2 draconian scorchers (D)
  5 vault wardens (D)
  2 deep elf sorcerers (D)
  4 ghost moths (D)
  A fire giant (D)
  Aizul (D)
  3 draconian knights (D)
  5 emperor scorpions (D)
  An orc warlord (D)
  A draconian shifter (D)
  A draconian stormcaller (D)
  2 quicksilver oozes (D)
  5 ironbound preservers (D)
  5 stone giants (D)
  2 very ugly things (D)
  3 purple draconians (D)
  7 vampire knights (D)
  4 red draconians (D)
  3 black draconians (D)
  A dire elephant (D)
  2 yellow draconians (D)
  A bunyip (D)
  A deep elf annihilator (D)
  A green draconian (D)
  A deep elf demonologist (D)
  3 white draconians (D)
  3 spark wasps (D)
  Snorg (D)
  A deep elf death mage (D)
  3 merfolk javelineers (D)
  An eleionoma (D)
  An ettin (D)
  5 mummy priests (D)
  4 merfolk impalers (D)
  2 great orbs of eyes (D)
  3 yaktaur captains (D)
  3 deep elf high priests (D)
  4 fire dragons (D)
  3 ice dragons (D)
  9 hydras (D)
  4 merfolk avatars (D)
  A centaur warrior (D)
  25 vault guards (D)
  An ironbound frostheart (D)
  An anaconda (D)
  3 merfolk aquamancers (D)
  An orc high priest (D)
  3 two-headed ogres (D)
  3 deep troll shamans (D)
  2 tengu warriors (D)
  2 shock serpents (D)
  2 deep troll earth magi (D)
  2 naga sharpshooters (D)
  12 spriggans (D)
  A skeletal warrior (D)
  A salamander mystic (D)
  A flayed ghost (D)
  A goliath frog (D)
  A bog body (D)
  2 spriggan druids (D)
  A sea snake (D)
  A phantasmal warrior (D)
  2 glowing orange brains (D)
  5 swamp dragons (D)
  2 harpies (D)
  5 ironbound convokers (D)
  A wizard (D)
  A harpy (shapeshifter) (D)
  4 orc knights (D)
  2 necromancers (D)
  4 cyclopes (D)
  2 manticores (D)
  7 orc sorcerers (D)
  A faun (shapeshifter) (D)
  A moth of wrath (shapeshifter) (D)
  An ugly thing (D)
  2 vault sentinels (D)
  9 moths of wrath (D)
  A worldbinder (D)
  8 elephants (D)
  A will-o-the-wisp (D)
  4 guardian serpents (D)
  A naga mage (D)
  Maurice (D)
  A rust devil (D)
  A torpor snail (D)
  4 cane toads (D)
  4 demonic crawlers (D)
  18 guardian mummies (D)
  3 jumping spiders (D)
  A troll (D)
  A wandering mushroom (D)
  A troll (shapeshifter) (D)
  A merfolk (D)
  2 hornets (D)
  A polar bear (D)
  A hornet (shapeshifter) (D)
  A raiju (D)
  A snapping turtle (D)
  3 slime creatures (D)
  A large abomination (D)
  2 redbacks (D)
  A tarantella (D)
  A wyvern (D)
  2 small abominations (D)
  2 hogs (D)
  3 yaks (D)
  Eustachio (D)
  A golden eye (D)
  Grum (D)
  A vampire mosquito (D)
  2 basilisks (D)
  6 nagas (D)
  An acid dragon (D)
  2 water moccasins (D)
  A floating eye (D)
  14 orc warriors (D)
  3 wolves (D)
  A centaur (D)
  A phantom (D)
  3 bullfrogs (D)
  A quasit (D)
  2 orc priests (D)
  An iron imp (D)
  8 orc wizards (D)
  An adder (D)
  A shadow imp (D)
  A dart slug (D)
  An adder simulacrum (D)
  10 orcs (D)
  An endoplasm (D)
  A goblin (D)
  A hobgoblin (D)
  A ball python (D)
  A ball python zombie (D)
  A ball lightning (D)
  3 fire vortices (D)
513 creatures vanquished.

Vanquished Creatures (collateral kills)
  A nagaraja (D)
  An ettin (D)
  A mummy priest (D)
  A deep troll earth mage (D)
  A hell knight (D)
  A flayed ghost (D)
  A guardian serpent (D)
  An acid dragon (D)
  A floating eye (D)
  A howler monkey (D)
10 creatures vanquished.

Vanquished Creatures (others)
  Cerebov (D)
  A fire giant (D)
  An ironbound preserver (D)
  4 ball lightnings (D)
7 creatures vanquished.

Grand Total: 530 creatures vanquished

Notes
Turn   | Place    | Note
-------+----------+-------------------------------------------
     0 | D        | mhtbhm the Troll Berserker began the quest for the Orb.
     0 | D        | Reached XP level 1. HP: 22/22 MP: 0/0
    11 | D        | Reached ** piety under Trog
    46 | D        | Noticed a phantom
    68 | D        | Killed a phantom
    69 | D        | Reached skill level 5 in Maces & Flails
    69 | D        | Reached XP level 2. HP: 14/33 MP: 1/1
    69 | D        | Reached XP level 3. HP: 17/40 MP: 2/2
    69 | D        | Reached XP level 4. HP: 20/49 MP: 3/3
    73 | D        | Reached *** piety under Trog
    95 | D        | Found a snail-covered altar of Cheibriados.
    95 | D        | Found a shadowy altar of Dithmenos.
    95 | D        | Found a white marble altar of Elyvilon.
    95 | D        | Found a blossoming altar of Fedhas.
    95 | D        | Found an opulent altar of Gozag.
    96 | D        | Found a hazy altar of Hepliaklqana.
    97 | D        | Found a viscous altar of Jiyva.
    98 | D        | Found an ancient bone altar of Kikubaaqudgha.
    99 | D        | Found a corrupted altar of Lugonu.
   100 | D        | Found a burning altar of Makhleb.
   101 | D        | Found a sparkling altar of Nemelex Xobeh.
   102 | D        | Found an iron altar of Okawaru.
   103 | D        | Found a stormy altar of Qazlal.
   104 | D        | Found a sacrificial altar of Ru.
   105 | D        | Found a shimmering blue altar of Sif Muna.
   106 | D        | Found a bloodstained altar of Trog.
   107 | D        | Found a hide-covered altar of Uskayaw.
   108 | D        | Found a radiant altar of Vehumet.
   109 | D        | Found an ornate altar of the Wu Jian Council.
   110 | D        | Found a shimmering altar of Xom.
   111 | D        | Found a basalt altar of Yredelemnul.
   112 | D        | Found a glowing silver altar of Zin.
   113 | D        | Found a glowing golden altar of the Shining One.
   142 | D        | Noticed a two-headed ogre
   142 | D        | Noticed a troll
   142 | D        | Noticed a wyvern
   142 | D        | Noticed a vampire mosquito
   142 | D        | Noticed an acid dragon
   146 | D        | Killed a two-headed ogre
   146 | D        | Reached **** piety under Trog
   147 | D        | Reached skill level 10 in Maces & Flails
   147 | D        | Reached XP level 5. HP: 52/66 MP: 4/4
   147 | D        | Reached XP level 6. HP: 58/74 MP: 5/5
   147 | D        | Reached XP level 7. HP: 64/81 MP: 6/6
   153 | D        | Killed a troll
   155 | D        | Killed a wyvern
   156 | D        | Reached XP level 8. HP: 38/92 MP: 7/7
   158 | D        | Reached ***** piety under Trog
   212 | D        | Noticed a cyclops
   212 | D        | Noticed a green ugly thing
   212 | D        | Noticed a two-headed ogre
   212 | D        | Noticed a troll
   212 | D        | Noticed a two-headed ogre
   218 | D        | Killed a cyclops
   219 | D        | Reached skill level 10 in Fighting
   224 | D        | Killed a green ugly thing
   225 | D        | Reached XP level 9. HP: 102/102 MP: 8/8
   229 | D        | Killed a two-headed ogre
   229 | D        | Received a gift from Trog
   230 | D        | Reached skill level 1 in Armour
   243 | D        | Killed a troll
   249 | D        | Killed a two-headed ogre
   414 | D        | Noticed a cane toad
   414 | D        | Noticed a cane toad
   418 | D        | Noticed a cane toad
   422 | D        | Killed a cane toad
   423 | D        | Noticed an elephant
   425 | D        | Reached XP level 10. HP: 106/114 MP: 9/9
   427 | D        | Killed a cane toad
   488 | D        | Killed a cane toad
   488 | D        | Identified the +3 giant spiked club "Ponteic" {vorpal,
                  | +Blink rN++ Stlth-} (Trog gifted it to you in the Dungeon)
   488 | D        | Received a gift from Trog
   490 | D        | Killed an elephant
   540 | D        | Noticed a cane toad
   541 | D        | Noticed a seven-headed hydra
   548 | D        | Killed a cane toad
   549 | D        | Reached skill level 15 in Maces & Flails
   550 | D        | Reached ****** piety under Trog
   551 | D        | Noticed a torpor snail
   553 | D        | Killed a seven-headed hydra
   553 | D        | Identified the +4 giant club of the Insatiable Yaks
                  | {vorpal, *Contam +Rage rPois rN+++} (Trog gifted it to you
                  | in the Dungeon)
   553 | D        | Received a gift from Trog
   554 | D        | Reached skill level 10 in Dodging
   555 | D        | Reached skill level 5 in Armour
   560 | D        | Killed a torpor snail
   604 | D        | Noticed an elephant
   604 | D        | Noticed an elephant
   604 | D        | Noticed a dire elephant
   604 | D        | Noticed an elephant
   604 | D        | Noticed an elephant
   604 | D        | Noticed an elephant
   608 | D        | Killed an elephant
   613 | D        | Killed a dire elephant
   613 | D        | Received a gift from Trog
   614 | D        | Reached XP level 11. HP: 126/126 MP: 10/10
   726 | D        | Noticed Gastronok
   737 | D        | Killed Gastronok
   737 | D        | Received a gift from Trog
   780 | D        | Noticed Eustachio
   785 | D        | Killed Eustachio
   939 | D        | Noticed Maurice
   966 | D        | Killed Maurice
  1030 | D        | Noticed an orc knight
  1031 | D        | Noticed a stone giant
  1036 | D        | Killed an orc knight
  1046 | D        | Killed a stone giant
  1046 | D        | Identified the +9 giant spiked club of Foin {vorpal, Str+4}
                  | (Trog gifted it to you in the Dungeon)
  1046 | D        | Received a gift from Trog
  1066 | D        | Received a gift from Trog
  1218 | D        | Noticed an orc high priest
  1224 | D        | Received a gift from Trog
  1234 | D        | Killed an orc high priest
  1235 | D        | Reached XP level 12. HP: 134/139 MP: 11/11
  1360 | D        | Found Kopazosyka's Armour Emporium.
  1362 | D        | Received a gift from Trog
  1365 | D        | Found Plog's Antique Weapon Shoppe.
  1376 | D        | Found Zufyttuf's Armour Emporium.
  1378 | D        | Received a gift from Trog
  1379 | D        | Found Gisemmuo's General Store.
  1388 | D        | Paralysed by an orc sorcerer for 7 turns
  1397 | D        | Identified the +7 giant club of Untimely Demise {flame,
                  | Str+5} (Trog gifted it to you in the Dungeon)
  1397 | D        | Received a gift from Trog
  1567 | D        | Bought the +9 scales of the Dragon King {rPois rF+ rC+
                  | Will+} for 1248 gold pieces
  1567 | D        | Found the +9 scales of the Dragon King {rPois rF+ rC+
                  | Will+}
  1574 | D        | Bought an amulet of regeneration for 330 gold pieces
  1579 | D        | Bought a scroll of identify for 22 gold pieces
  1627 | D        | Noticed Grum
  1637 | D        | Killed Grum
  1641 | D        | Received a gift from Trog
  1732 | D        | Noticed a centaur warrior
  1735 | D        | Noticed a tengu warrior
  1742 | D        | Noticed a deep troll earth mage
  1743 | D        | Killed a centaur warrior
  1744 | D        | Reached skill level 15 in Fighting
  1744 | D        | Noticed a fire dragon
  1747 | D        | Noticed a fire giant
  1749 | D        | Received a gift from Trog
  1750 | D        | Reached skill level 1 in Stealth
  1750 | D        | Noticed a fire dragon
  1753 | D        | Killed a tengu warrior
  1754 | D        | Noticed a great orb of eyes
  1761 | D        | Killed a deep troll earth mage
  1765 | D        | Killed a fire dragon
  1772 | D        | Killed a fire giant
  1782 | D        | Killed a fire dragon
  1782 | D        | Received a gift from Trog
  1786 | D        | Killed a great orb of eyes
  1787 | D        | Reached XP level 13. HP: 83/152 MP: 12/12
  2024 | D        | Noticed a nagaraja
  2040 | D        | Received a gift from Trog
  2044 | D        | Killed a nagaraja
  2054 | D        | Received a gift from Trog
  2113 | D        | Received a gift from Trog
  2233 | D        | Noticed an eleionoma
  2233 | D        | Noticed a bunyip
  2237 | D        | Killed an eleionoma
  2245 | D        | Received a gift from Trog
  2250 | D        | Killed a bunyip
  2265 | D        | Received a gift from Trog
  2301 | D        | Killed a ghost moth
  2302 | D        | Reached skill level 10 in Armour
  2372 | D        | Noticed Aizul
  2386 | D        | Killed Aizul
  2386 | D        | Received a gift from Trog
  2478 | D        | Reached XP level 14. HP: 167/167 MP: 13/13
  2492 | D        | Received a gift from Trog
  2598 | D        | Noticed a stone giant
  2598 | D        | Noticed a red very ugly thing
  2598 | D        | Noticed a frost giant
  2601 | D        | Noticed a stone giant
  2604 | D        | Killed a stone giant
  2612 | D        | Killed a red very ugly thing
  2612 | D        | Identified the +4 giant spiked club of Fabontaj {vorpal,
                  | Dex+4 SInv} (Trog gifted it to you in the Dungeon)
  2612 | D        | Received a gift from Trog
  2614 | D        | Killed a frost giant
  2616 | D        | Noticed a frost giant
  2618 | D        | Killed a stone giant
  2619 | D        | Noticed a tengu reaver
  2623 | D        | Received a gift from Trog
  2635 | D        | Paralysed by a floating eye for 2 turns
  2638 | D        | Killed a frost giant
  2638 | D        | Received a gift from Trog
  2638 | D        | Paralysed by a floating eye for 4 turns
  2645 | D        | Killed a tengu reaver
  2650 | D        | Paralysed by a floating eye for 4 turns
  2654 | D        | Received a gift from Trog
  2827 | D        | Noticed a vault warden
  2827 | D        | Noticed an ironbound preserver
  2827 | D        | Noticed an orc warlord
  2827 | D        | Noticed an ironbound preserver
  2832 | D        | Killed a vault warden
  2833 | D        | Noticed an ironbound preserver
  2835 | D        | Killed an ironbound preserver
  2835 | D        | Noticed an ironbound preserver
  2841 | D        | Killed an orc warlord
  2843 | D        | Killed an ironbound preserver
  2847 | D        | Killed an ironbound preserver
  2847 | D        | Received a gift from Trog
  2857 | D        | Killed an ironbound preserver
  2862 | D        | Identified the +9 giant spiked club of the Inferno {flame,
                  | *Drain rF++ rC+ Int+3} (Trog gifted it to you in the
                  | Dungeon)
  2862 | D        | Received a gift from Trog
  2866 | D        | Noticed a vault warden
  2869 | D        | Received a gift from Trog
  2869 | D        | Noticed a vault warden
  2870 | D        | Noticed an ironbound preserver
  2875 | D        | Killed a vault warden
  2879 | D        | Killed an ironbound preserver
  2881 | D        | Killed a vault warden
  2881 | D        | Received a gift from Trog
  2885 | D        | Reached XP level 15. HP: 114/183 MP: 14/14
  2921 | D        | Noticed a vault warden
  2930 | D        | Killed a vault warden
  2949 | D        | Received a gift from Trog
  3076 | D        | Found the +2 cloak of the Thief {*Fog Slay-2 SInv Stlth+}
  3086 | D        | Got the +0 cloak "Kecu" {*Drain rElec rC- Will+++ rCorr}
  3185 | D        | Killed a ghost moth
  3191 | D        | Noticed Frederick
  3192 | D        | Noticed Mara
  3202 | D        | Noticed mhtbhm's illusion
  3202 | D        | Killed Frederick
  3218 | D        | Killed Mara
  3218 | D        | Received a gift from Trog
  3219 | D        | Reached skill level 15 in Armour
  3221 | D        | Noticed Kirke
  3234 | D        | Killed Kirke
  3340 | D        | Received a gift from Trog
  3347 | D        | Killed a ghost moth
  3359 | D        | Killed a ghost moth
  3371 | D        | Received a gift from Trog
  3377 | D        | Got a gossamer rune of Zot
  3428 | D        | Received a gift from Trog
  3447 | D        | Got a decaying rune of Zot
  3487 | D        | Noticed a nagaraja
  3494 | D        | Received a gift from Trog
  3500 | D        | Noticed a nagaraja
  3502 | D        | Noticed a nagaraja
  3504 | D        | Killed a nagaraja
  3506 | D        | Received a gift from Trog
  3515 | D        | Killed a nagaraja
  3523 | D        | Killed a nagaraja
  3592 | D        | Got a serpentine rune of Zot
  3700 | D        | Noticed Ilsuiw
  3705 | D        | Reached XP level 16. HP: 201/201 MP: 15/15
  3707 | D        | Received a gift from Trog
  3716 | D        | Killed Ilsuiw
  3731 | D        | Received a gift from Trog
  3761 | D        | Reached skill level 27 in Maces & Flails
  3768 | D        | Got a barnacled rune of Zot
  3922 | D        | Noticed Boris
  3928 | D        | Killed Boris
  3928 | D        | Received a gift from Trog
  3974 | D        | Noticed Snorg
  3979 | D        | Killed Snorg
  4032 | D        | Received a gift from Trog
  4180 | D        | Received a gift from Trog
  4267 | D        | Noticed a tengu reaver
  4271 | D        | Noticed a tengu reaver
  4271 | D        | Identified the +9 giant club of Responsibility {vorpal,
                  | rF+} (Trog gifted it to you in the Dungeon)
  4271 | D        | Received a gift from Trog
  4277 | D        | Killed a tengu reaver
  4282 | D        | Received a gift from Trog
  4295 | D        | Killed a tengu reaver
  4297 | D        | Noticed a shadow dragon
  4299 | D        | Received a gift from Trog
  4302 | D        | Noticed a shadow dragon
  4309 | D        | Killed a shadow dragon
  4312 | D        | Identified the +4 giant club of the Twelve Persimmons
                  | {vorpal, +Blink rC+ rN++ Int+3} (Trog gifted it to you in
                  | the Dungeon)
  4312 | D        | Received a gift from Trog
  4319 | D        | Killed a shadow dragon
  4323 | D        | Noticed a sphinx
  4324 | D        | Reached XP level 17. HP: 99/222 MP: 16/16
  4332 | D        | Received a gift from Trog
  4399 | D        | Found the +12 glaive of Prune {vorpal}
  4403 | D        | Identified the +6 giant club of the Girdle {flame, rPois
                  | Int+6} (Trog gifted it to you in the Dungeon)
  4403 | D        | Received a gift from Trog
  4420 | D        | Received a gift from Trog
  4452 | D        | Got a silver rune of Zot
  4504 | D        | Noticed Xtahua
  4511 | D        | Killed Xtahua
  4512 | D        | Reached skill level 27 in Fighting
  4565 | D        | Got the ring "Moolotro" {Will+ Str+4}
  4567 | D        | Got the amulet of Xadon {Will++ Regen+}
  4569 | D        | Got the ring of Happiness {rPois rC+ SInv Stlth-}
  4571 | D        | Got the ring "Juobukhui" {+Fly rPois}
  4573 | D        | Got the ring "Jiuzapn" {rPois rC+ Str-4 Stlth+}
  4707 | D        | Noticed Sojobo
  4722 | D        | Killed Sojobo
  4723 | D        | Received a gift from Trog
  4826 | D        | Noticed Saint Roka
  4830 | D        | Noticed Mennas
  4838 | D        | Killed Saint Roka
  4838 | D        | Identified the +5 giant spiked club of Darkness {vorpal,
                  | rC+ rN+ Str+3} (Trog gifted it to you in the Dungeon)
  4838 | D        | Received a gift from Trog
  4848 | D        | Killed Mennas
  5029 | D        | Noticed a golden dragon
  5089 | D        | Killed a golden dragon
  5093 | D        | Received a gift from Trog
  5139 | D        | Noticed a golden dragon
  5139 | D        | Noticed a golden dragon
  5143 | D        | Killed a golden dragon
  5145 | D        | Identified the +7 giant club of Certain Death {vorpal,
                  | *Corrode rF+ rC++ Will+} (Trog gifted it to you in the
                  | Dungeon)
  5145 | D        | Received a gift from Trog
  5149 | D        | Noticed a golden dragon
  5163 | D        | Killed a golden dragon
  5170 | D        | Received a gift from Trog
  5173 | D        | Killed a golden dragon
  5174 | D        | Reached skill level 27 in Armour
  5174 | D        | Reached XP level 18. HP: 194/236 MP: 17/17
  5179 | D        | Reached skill level 1 in Evocations
  5181 | D        | Reached skill level 1 in Unarmed Combat
  5181 | D        | Reached skill level 1 in Earth Magic
  5183 | D        | Reached skill level 1 in Throwing
  5183 | D        | Reached skill level 1 in Shields
  5213 | D        | Noticed a tentacled monstrosity
  5227 | D        | Killed a tentacled monstrosity
  5230 | D        | Received a gift from Trog
  5239 | D        | Reached skill level 5 in Throwing
  5341 | D        | Reached skill level 5 in Shields
  5347 | D        | Received a gift from Trog
  5348 | D        | Reached skill level 5 in Evocations
  5360 | D        | Received a gift from Trog
  5422 | D        | Received a gift from Trog
  5484 | D        | Noticed a tentacled monstrosity
  5493 | D        | Killed a tentacled monstrosity
  5496 | D        | Identified the +5 giant spiked club of Victory {antimagic,
                  | SInv Stlth+} (Trog gifted it to you in the Dungeon)
  5496 | D        | Received a gift from Trog
  5497 | D        | Reached skill level 10 in Throwing
  5518 | D        | Reached skill level 10 in Shields
  5842 | D        | Noticed an Orb Guardian
  5842 | D        | Noticed an Orb Guardian
  5842 | D        | Noticed an Orb Guardian
  5842 | D        | Noticed an Orb Guardian
  5842 | D        | Noticed an Orb Guardian
  5842 | D        | Noticed an Orb Guardian
  5843 | D        | Noticed an Orb Guardian
  5845 | D        | Killed an Orb Guardian
  5853 | D        | Killed an Orb Guardian
  5853 | D        | Received a gift from Trog
  5854 | D        | Reached skill level 10 in Evocations
  5856 | D        | Killed an Orb Guardian
  5857 | D        | Reached skill level 15 in Dodging
  5865 | D        | Killed an Orb Guardian
  5866 | D        | Killed an Orb Guardian
  5868 | D        | Noticed an Orb Guardian
  5869 | D        | Killed an Orb Guardian
  5871 | D        | Killed an Orb Guardian
  5877 | D        | Killed an Orb Guardian
  5877 | D        | Noticed an Orb Guardian
  5879 | D        | Noticed an Orb Guardian
  5883 | D        | Killed an Orb Guardian
  5884 | D        | Killed an Orb Guardian
  5909 | D        | Noticed an Orb Guardian
  5909 | D        | Noticed an Orb Guardian
  5909 | D        | Noticed an Orb Guardian
  5910 | D        | Noticed an Orb Guardian
  5915 | D        | Received a gift from Trog
  5924 | D        | Killed an Orb Guardian
  5925 | D        | Reached XP level 19. HP: 245/245 MP: 18/18
  5940 | D        | Received a gift from Trog
  5972 | D        | Noticed an ancient lich
  5979 | D        | Killed an ancient lich
  5980 | D        | Reached skill level 15 in Throwing
  6028 | D        | Noticed an orb of fire
  6034 | D        | Killed an orb of fire
  6074 | D        | Noticed an electric golem
  6087 | D        | Killed an electric golem
  6124 | D        | Noticed an electric golem
  6124 | D        | Noticed an electric golem
  6131 | D        | Reached skill level 15 in Shields
  6133 | D        | Noticed an orb of fire
  6136 | D        | Received a gift from Trog
  6139 | D        | Noticed a golden dragon
  6148 | D        | Noticed an electric golem
  6149 | D        | Killed an electric golem
  6153 | D        | Killed an orb of fire
  6158 | D        | Noticed a golden dragon
  6160 | D        | Identified the +4 morningstar of Doom {antimagic, rC+
                  | Str+3} (Trog gifted it to you in the Dungeon)
  6160 | D        | Received a gift from Trog
  6161 | D        | Noticed an ancient lich
  6165 | D        | Killed a golden dragon
  6166 | D        | Reached skill level 15 in Evocations
  6166 | D        | Noticed a golden dragon
  6174 | D        | Killed an ancient lich
  6180 | D        | Killed a golden dragon
  6193 | D        | Killed an electric golem
  6194 | D        | Received a gift from Trog
  6197 | D        | Killed a golden dragon
  6207 | D        | Killed an electric golem
  6304 | D        | Received a gift from Trog
  6309 | D        | Reached XP level 20. HP: 246/256 MP: 19/19
  6337 | D        | Received a gift from Trog
  6474 | D        | Noticed an ancient lich
  6479 | D        | Received a gift from Trog
  6487 | D        | Killed an ancient lich
  6488 | D        | Reached skill level 5 in Stealth
  6490 | D        | Identified the +6 flail "Wycvo" {vorpal, Dex+3} (Trog
                  | gifted it to you in the Dungeon)
  6490 | D        | Received a gift from Trog
  6513 | D        | Received a gift from Trog
  6573 | D        | Received a gift from Trog
  6633 | D        | Received a gift from Trog
  6644 | D        | Received a gift from Trog
  6652 | D        | Received a gift from Trog
  6658 | D        | Got an elven rune of Zot
  6732 | D        | Identified the +9 morningstar of Free Expression {flame,
                  | rN++ Will+ Dex-5 Stlth+} (Trog gifted it to you in the
                  | Dungeon)
  6732 | D        | Received a gift from Trog
  6751 | D        | Noticed the Royal Jelly
  6785 | D        | Received a gift from Trog
  6787 | D        | Killed the Royal Jelly
  6797 | D        | Reached XP level 21. HP: 144/265 MP: 20/20
  6858 | D        | Received a gift from Trog
  6859 | D        | Reached skill level 10 in Stealth
  6869 | D        | Got a slimy rune of Zot
  6974 | D        | Received a gift from Trog
  6977 | D        | Received a gift from Trog
  6986 | D        | Received a gift from Trog
  7144 | D        | Received a gift from Trog
  7284 | D        | Received a gift from Trog
  7325 | D        | Noticed a royal mummy
  7325 | D        | Noticed a royal mummy
  7326 | D        | Noticed a royal mummy
  7335 | D        | Killed a royal mummy
  7336 | D        | Noticed a royal mummy
  7349 | D        | Killed a royal mummy
  7349 | D        | Received a gift from Trog
  7350 | D        | Reached skill level 27 in Shields
  7376 | D        | Killed a royal mummy
  7378 | D        | Killed a royal mummy
  7484 | D        | Got a golden rune of Zot
  7489 | D        | Received a gift from Trog
  7502 | D        | Received a gift from Trog
  7523 | D        | Got an abyssal rune of Zot
  7648 | D        | Noticed Geryon
  7658 | D        | Killed Geryon
  7797 | D        | Found the +6 sword of Cerebov {flame}
  7797 | D        | Noticed Cerebov
  7797 | D        | Noticed Lom Lobon
  7797 | D        | Noticed Ereshkigal
  8022 | D        | Killed Cerebov
  8104 | D        | Killed Lom Lobon
  8210 | D        | Killed Ereshkigal
  8210 | D        | Received a gift from Trog
  8211 | D        | Reached XP level 22. HP: 275/275 MP: 21/21
  8271 | D        | Noticed Mnoleg
  8288 | D        | Killed Mnoleg
  8397 | D        | Got a fiery rune of Zot
  8401 | D        | Got a magical rune of Zot
  8403 | D        | Noticed Antaeus
  8404 | D        | Noticed Gloorx Vloq
  8507 | D        | HP: 13/412 [??? (11)]
  8512 | D        | HP: 7/412 [Gloorx Vloq] (2)]
  8512 | D        | Succumbed to Gloorx Vloq's dark miasma

Illustrated notes

Levels and vault maps discovered:
D:        linesprint [early_d, line_temple, items_1, d_10, items_2, lair_1,
          lair_end, items_3, orc_1, orc_end, items_4, d_15, swamp_1, shoals_1,
          snake_1, spider_1, d_20, vaults_1, items_5, swamp_end, shoals_end,
          snake_end, spider_end, vaults_end, d_27, items_6, zot_1, zot_end,
          crypt_end, forest_end, elf_end, slime_end, tomb_end, abyss_end,
          pan_hell_end]

Skill      XL: |  1  2  3  4  5  6  7  8  9 10 11 12 13 14 15 16 17 18 19 20 21 22 |
---------------+-------------------------------------------------------------------+-----
Maces & Flails | 5 10 12 14 16 18 20 22 24 26 27 | 27.0
Fighting       | 4 8 9 10 11 12 14 15 17 19 22 25 27 | 27.0
Dodging        | 4 7 8 9 10 11 16 19 21 24 | 24.3
Armour         | 2 5 6 7 10 14 17 20 27 | 27.0
Stealth        | 1 9 13 14 | 14.1
Evocations     | 12 20 22 23 | 23.3
Unarmed Combat | 1 |  1.0
Earth Magic    | 1 |  1.0
Throwing       | 14 17 18 23 24 | 24.0
Shields        | 13 16 23 27 | 27.0
Short Blades   | |  0.7
Long Blades    | |  0.6
Axes           | |  0.5
Polearms       | |  0.5
Staves         | |  0.5
Slings         | |  0.4
Bows           | |  0.4
Crossbows      | |  0.4
Spellcasting   | |  0.4
Conjurations   | |  0.6
Hexes          | |  0.5
Summonings     | |  0.6
Necromancy     | |  0.7
Translocations | |  0.6
Transmutations | |  0.6
Fire Magic     | |  0.6
Ice Magic      | |  0.7
Air Magic      | |  0.6
Poison Magic   | |  0.6
Invocations    | |  0.9

Action                   |  1- 3 |  4- 6 |  7- 9 | 10-12 | 13-15 | 16-18 | 19-21 | 22-24 || total
-------------------------+-------+-------+-------+-------+-------+-------+-------+-------++-------
Melee: Mace              |    31 |    13 |       |       |       |       |       |       ||    44
       Dire flail        |       |     3 |    51 |       |       |       |       |       ||    54
       Great mace        |       |       |     8 |    19 |       |       |       |       ||    27
       Giant spiked club |       |       |       |   200 |   363 |   451 |   147 |       ||  1161
       Sacred scourge    |       |       |       |       |       |       |   257 |    13 ||   270
       Morningstar       |       |       |       |       |       |       |    64 |       ||    64
Throw: Javelin           |       |       |       |       |       |       |    50 |    11 ||    61
Invok: Berserk           |     2 |     1 |     2 |    10 |    12 |    11 |    14 |     2 ||    54
       Brothers in Arms  |       |       |     1 |       |     2 |     1 |     4 |     1 ||     9
       Trog's Hand       |       |       |       |       |       |     1 |     4 |     1 ||     6
Evoke: Wand              |       |       |       |     1 |       |       |     3 |       ||     4
  Use: Potion            |       |     1 |     1 |     3 |     2 |     1 |    10 |     4 ||    22
       Scroll            |       |       |       |       |     1 |    18 |     3 |     3 ||    25
Armor: Animal skin       |     3 |     2 |     2 |       |       |       |       |       ||     7
       Acid dragon scale |       |       |     6 |    44 |       |       |       |       ||    50
       Skin              |       |       |       |     6 |       |       |       |       ||     6
       Gold dragon scale |       |       |       |    46 |   306 |   277 |   293 |    45 ||   967
Dodge: Dodged            |    13 |    11 |    32 |    91 |   160 |   110 |   128 |    14 ||   559
Block: Tower shield      |       |       |       |       |       |       |   316 |    66 ||   382

Table legend: (Time is in decaauts)
 A = Elapsed time spent in this place.
 B = Non-inter-level travel time spent in this place.
 C = Inter-level travel time spent in this place.
 D = Time resting spent in this place.
 E = Time spent auto-exploring this place.
 F = Levels seen in this place.
 G = Mean time per level.
                   A        B        C        D        E       F      G
               +--------+--------+--------+--------+--------+-----+--------+
         Total |   8376 |   8376 |      0 |   3637 |   1343 |   1 | 8376.0 |
       Dungeon |   8376 |   8376 |      0 |   3637 |   1343 |   1 | 8376.0 |
               +--------+--------+--------+--------+--------+-----+--------+

Top non-repeatable levels by time:
       D: 8376 daAuts
